Cogmind - Beta 16.1 @@@ ROGUE MODE // 2026.04.25 @ 00:16:54 Player: Thqwib-Linux Result: Destroyed by Superfortress with Cooled Nova Cannon Performance ------------- Evolutions (8) 4000 Regions Visited (27) 5400 Robots Destroyed (502) 2510 Value Destroyed (23868) 23868 Prototype IDs (95) 1900 Alien Tech Used (5) 1000 Bonus (5952) 5952 TOTAL SCORE: 44630 Bonus ------- High Alert Combat Kills 3325 Follower Combat Kills 1115 Hunted by Unchained 500 Entered DSFs 500 Network Hubs Disabled 200 Aligned with FarCom 300 Built Enhanced Grunts 300 Met R17 at Cetus 500 Met R17 at Research 2000 Scanned by Researcher 500 Friendly Fire -3288 Cogmind --------- Core Integrity 0/1450 Matter 58/300 Energy 91/100 System Corruption 14% Temperature Cool (9) Movement Core (50) Location -2/Protoforge Parts ------- > --- POWER (2) -------- (None) > --- PROPULSION (6) --- (None) > --- UTILITY (12) ----- 2N-1CE's Frost Array Advanced Visual Processing Unit Concept Recoil Nullifier Graphene Brace > --- WEAPON (3) ------- (None) > --- INVENTORY (5) ---- Heavy Quantum Rifle Improved Potential Cannon Sigix Broadsword Peak State ------------ > --- POWER ------------ Light Particle Reactor Quantum Reactor > --- PROPULSION ------- Biometal Heavy Treads Advanced Heavy Siege Treads High-density Centrium Wheel High-density Centrium Wheel > --- UTILITY ---------- 2N-1CE's Frost Array High-capacity Storage Unit Experimental Energy Well Experimental Signal Interpreter Core Analyzer Core Analyzer Experimental Weapon Shielding SHELL Armor Advanced Hacking Suite Experimental System Purifier > --- WEAPON ----------- Heavy Quantum Rifle Improved Potential Cannon > --- INVENTORY -------- Light Antimatter Reactor Long-range Sensor Array Concept Recoil Nullifier Advanced Transmission Jammer Heavy Reactive Plating Graphene Brace Advanced Shield Generator High-powered Tractor Beam Subatomic Replicator Dispersion Rifle Enhanced Quantum Rifle Railgun Light Antimatter Cannon Advanced Micro-nuke Launcher Sigix Terminator Sigix Broadsword [Rating: 214] Favorites ----------- Power Light Quantum Reactor Engine Improved Ion Engine Power Core Light Nuclear Core Reactor Light Quantum Reactor Propulsion Compact Wheel Treads Light Treads Leg Enhanced Flexi-carbon Leg Wheel Compact Wheel Utility Core Analyzer Device Advanced Cooling System Storage High-capacity Storage Unit Processor Core Analyzer Hackware Advanced Hacking Suite Protection SHELL Armor Weapon Enhanced Autogun Energy Gun Improved Medium Laser Energy Cannon Improved Potential Cannon Ballistic Gun Enhanced Autogun Ballistic Cannon Heavy Hardcell Cannon Launcher Heavy Rocket Launcher Special Weapon Remote Datajack Slashing Weapon Chainsword Special Melee Weapon Improved Datajack Build | -11 -10 -10 -9 -9 -9 -8 -8 -7 -7 -7 -6 -6 -6 -6 -5 -5 -5 -4 -4 -4 -4 -4 -3 -3 -2 -2 -2 ------- Run | Yrd Mat Min Mat Min Exi Min Mat Fac Was Fac Fac Was Fac DSF Fac Was Fac Fac Ext Cet Arc Hub Res Tes Res Qua Frg Slots Evolved 16 | . . . 2 . . . 2 2 . . 2 . . . 2 . . 2 . . . . 2 . 2 . . Power 1 | . . . . . . . . . . . . . . . . . . . . . . . 1 . . . . Propulsion 4 | . . . 1 . . . 1 . . . . . . . 1 . . . . . . . 1 . . . . Utility 10 | . . . 1 . . . 1 1 . . 2 . . . 1 . . 2 . . . . . . 2 . . Weapon 1 | . . . . . . . . 1 . . . . . . . . . . . . . . . . . . . Parts Attached 346 | 5 14 2 37 . . 9 24 24 2 13 18 6 . 10 6 . 13 14 25 12 3 14 19 41 8 13 14 Power 33 | . 1 1 5 . . 1 1 . . 2 4 . . . . . . 1 2 1 . . 2 5 1 5 1 Engine 9 | . 1 1 5 . . 1 . . . . 1 . . . . . . . . . . . . . . . . Core 5 | . . . . . . . 1 . . 2 2 . . . . . . . . . . . . . . . . Reactor 19 | . . . . . . . . . . . 1 . . . . . . 1 2 1 . . 2 5 1 5 1 Propulsion 108 | 2 4 . 16 . . 4 8 10 . 5 6 3 . . 2 . 5 5 2 3 2 10 6 3 4 5 3 Treads 50 | 1 1 . 13 . . 2 5 5 . 3 2 2 . . . . 1 . 1 1 2 4 1 1 2 3 . Leg 3 | . . . . . . . . . . . . . . . . . . . . 2 . . . . . . 1 Wheel 55 | 1 3 . 3 . . 2 3 5 . 2 4 1 . . 2 . 4 5 1 . . 6 5 2 2 2 2 Hover . | . . . . . . . . . . . . . . . . . . . . . . . . . . . . Flight . | . . . . . . . . . . . . . . . . . . . . . . . . . . . . Utility 108 | 2 5 . 8 . . 1 9 6 1 3 5 2 . 3 1 . 6 6 12 5 . 4 5 14 3 1 6 Device 42 | 2 1 . 1 . . . 2 3 1 1 2 1 . 3 1 . 1 1 5 2 . 1 2 5 2 1 4 Storage 11 | . 2 . 3 . . . 1 . . 1 . . . . . . . 2 . . . . . 2 . . . Processor 17 | . 2 . 1 . . . 3 . . . 3 1 . . . . 2 1 2 . . . . 1 . . 1 Hackware 5 | . . . . . . . . 1 . . . . . . . . 1 1 . 1 . . . . 1 . . Protection 33 | . . . 3 . . 1 3 2 . 1 . . . . . . 2 1 5 2 . 3 3 6 . . 1 Artifact . | . . . . . . . . . . . . . . . . . . . . . . . . . . . . Weapon 97 | 1 4 1 8 . . 3 6 8 1 3 3 1 . 7 3 . 2 2 9 3 1 . 6 19 . 2 4 Energy Gun 19 | 1 2 . 4 . . . 1 . . . . . . . . . . . 1 . 1 . 2 5 . 2 . Energy Cannon 6 | . . . 1 . . . . . . . . . . 1 . . . . . . . . . 4 . . . Ballistic Gun 47 | . 2 1 2 . . 2 4 5 . 1 2 1 . 5 2 . 2 2 7 2 . . 2 4 . . 1 Ballistic Cannon 7 | . . . . . . . 1 . . 1 . . . . . . . . . . . . . 5 . . . Launcher 9 | . . . 1 . . 1 . . 1 . . . . 1 . . . . . . . . 2 1 . . 2 Special Weapon 3 | . . . . . . . . 2 . . . . . . . . . . 1 . . . . . . . . Impact Weapon . | . . . . . . . . . . . . . . . . . . . . . . . . . . . . Slashing Weapon 4 | . . . . . . . . 1 . 1 . . . . . . . . . 1 . . . . . . 1 Piercing Weapon . | . . . . . . . . . . . . . . . . . . . . . . . . . . . . Special Melee Weapon 2 | . . . . . . . . . . . 1 . . . 1 . . . . . . . . . . . . Unidentified Prototypes 44 | . . . 2 . . . 1 . . 1 1 . . . . . 1 . . 6 1 . 5 15 1 1 9 Parts Lost 85 | . 4 1 6 . . 4 11 1 2 2 3 . . 1 . 1 3 . 6 1 . 4 . 16 1 3 15 Power 13 | . 1 1 . . . . 1 . . . . . . . . . . . . . . 1 . 5 . 1 3 Propulsion 34 | . 1 . 2 . . 3 5 . 2 2 2 . . . . . 1 . 2 1 . 2 . 4 1 2 4 Utility 24 | . 1 . 2 . . 1 1 1 . . . . . 1 . . 2 . 3 . . 1 . 4 . . 7 Weapon 14 | . 1 . 2 . . . 4 . . . 1 . . . . 1 . . 1 . . . . 3 . . 1 Highest Loss Streak 12 | . 3 1 1 . . 3 3 1 2 1 2 . . 1 . 1 1 . 3 1 . 2 . 4 1 1 12 To Critical Strikes . | . . . . . . . . . . . . . . . . . . . . . . . . . . . . Average Backups 16 | 3 6 12 12 17 19 18 15 19 20 19 17 18 18 17 17 18 17 17 16 17 18 17 17 14 14 15 13 Power 1 | 1 . . . 2 2 1 1 1 1 1 1 2 2 1 1 1 1 1 1 1 1 . . . . 1 . Propulsion 1 | 2 2 3 3 3 4 3 . 3 4 2 1 1 2 2 1 2 1 1 1 1 1 . 1 . 1 1 . Utility 5 | . 1 3 2 5 6 5 5 4 5 6 7 7 7 6 5 6 5 5 4 6 6 5 5 8 6 5 4 Weapon 7 | . 1 5 5 6 6 7 7 9 9 7 6 5 5 6 8 8 8 8 8 8 9 9 9 5 5 5 6 Tool/Special . | . . . . . . . . . . . . . . . . . . . . . . . . . . . . Unused Backups 56 | 6 4 . 10 . . 1 4 1 . 4 1 . . . . . 4 3 1 4 . . 6 5 . 1 1 Power 6 | . . . 1 . . . . . . 1 . . . . . . . . 1 1 . . 1 1 . . . Propulsion 13 | 4 . . 2 . . . 2 1 . 1 1 . . . . . . . . . . . 1 . . . 1 Utility 14 | . 2 . 1 . . . 1 . . . . . . . . . 1 1 . 3 . . . 4 . 1 . Weapon 22 | 2 2 . 6 . . 1 1 . . 2 . . . . . . 3 1 . . . . 4 . . . . Tool/Special 1 | . . . . . . . . . . . . . . . . . . 1 . . . . . . . . . Average Slot Usage (%) 91 | . 99 98 97 100 100 99 97 99 91 99 99 92 93 93 93 87 90 88 87 88 94 90 92 83 81 77 76 Engine 2 | . 13 12 11 11 11 11 6 . . . . 6 6 . . . . . . . . . . . . . . Core 1 | . . . . . . . 2 7 7 7 5 . . . . . . . . . . . . . . . . Reactor 4 | . . . . . . . . . . . . . . 5 5 5 4 5 5 5 5 4 9 8 8 7 7 Treads 9 | . 14 14 21 22 22 21 16 15 12 14 14 7 6 6 5 5 4 5 5 5 8 7 4 4 4 5 6 Wheel 13 | . 13 14 10 11 11 11 17 15 12 14 10 13 13 13 17 17 15 15 12 6 5 8 18 14 16 11 8 Device 6 | . 4 . 11 11 11 8 3 4 7 2 8 11 13 6 10 7 9 10 5 5 5 5 4 5 4 5 12 Storage 6 | . 14 14 11 11 11 11 9 7 7 7 6 6 6 6 5 5 5 5 5 5 5 5 4 4 4 4 4 Processor 16 | . 9 14 8 11 11 11 15 15 15 15 21 20 20 20 17 17 19 21 24 21 21 21 19 19 17 14 12 Hackware 5 | . . . . . . . . 3 7 7 6 6 6 6 5 5 2 4 5 7 10 10 9 9 12 12 3 Protection 4 | . . . . . . 2 7 6 . 4 2 . . 5 5 5 4 5 6 10 10 9 6 3 4 4 6 Energy Gun 4 | . 14 12 14 22 22 16 2 . . . . . . . . . . . 1 . 3 4 3 2 4 3 5 Ballistic Gun 10 | . 13 15 5 . . 5 14 21 18 22 18 20 20 16 16 13 15 14 13 14 11 9 8 4 . . . Peak Build Rating 214 | 9 9 8 19 19 20 21 29 44 43 44 55 65 64 69 77 73 83 99 100 131 130 124 136 157 182 210 214 Average Rating 86 | 6 7 7 16 19 19 18 23 42 39 42 51 61 64 66 75 67 74 94 95 117 127 113 125 136 168 189 189 On Entrance 68 | 6 7 8 8 19 19 20 16 26 42 30 43 51 64 64 68 73 62 81 93 97 128 124 107 135 155 178 186 Avg Prop Armor Cover (%) 12 | 5 13 14 19 21 21 19 14 13 14 15 15 15 15 11 12 11 10 7 8 10 14 10 8 10 6 8 9 Naked Turns . | . . . . . . . . . . . . . . . . . . . . . . . . . . . . Heaviest Build 170 | 11 25 25 54 54 54 60 65 60 56 64 65 63 60 83 81 81 78 92 108 106 93 93 110 125 125 168 170 Greatest Support 145 | 20 40 16 40 16 16 16 44 32 32 32 40 70 32 32 48 48 70 48 70 32 16 145 72 75 90 60 80 Greatest Overweight (x) 13 | . 1 1 3 3 3 4 4 2 3 5 5 1 1 2 2 1 2 1 3 6 5 5 2 3 2 13 3 Average Overweight (x) 1 | . . 1 1 3 3 3 1 1 1 1 2 . 1 2 1 1 1 1 1 4 5 2 1 1 1 2 2 Largest Inventory Capacity 20 | 8 15 15 20 20 20 20 20 20 20 20 20 20 20 20 20 20 20 20 20 20 20 20 20 20 20 20 20 Average Capacity 19 | 8 10 15 16 20 20 20 20 20 20 20 20 20 20 20 20 20 20 20 20 20 20 20 20 20 20 20 19 Most Carried 20 | 6 12 13 18 19 20 20 19 20 20 20 20 20 20 20 20 20 20 20 20 20 20 20 20 20 20 20 20 Average Carried 17 | 3 6 12 12 17 19 18 15 19 20 19 18 19 20 19 19 20 19 19 18 19 20 19 19 18 17 19 17 Final Capacity 20 | 8 15 15 20 20 20 20 20 20 20 20 20 20 20 20 20 20 20 20 20 20 20 20 20 20 20 20 5 Final Carried 20 | 4 12 12 17 19 20 14 17 20 20 19 20 20 20 20 20 20 19 20 19 20 20 20 20 16 20 18 5 Class Distribution -------------------- 26% | Scavenger-Gunner 18% | Mutant 16% | Hacker-Gunner 11% | Gunner 10% | Scavenger-Mutant 7% | Scavenger-Tank 6% | Tank Dominant Class ---------------- Mutant | -10/Materials Mutant | -10/Mines Scavenger-Mutant | -9/Materials Mutant | -9/Mines Mutant | -9/Exiles Mutant | -8/Mines Mutant | -8/Materials Scavenger-Gunner | -7/Factory Scavenger-Gunner | -7/Waste Gunner | -7/Factory Scavenger-Skirmisher | -6/Factory Scavenger-Gunner | -6/Waste Scavenger-Gunner | -6/Factory Scavenger-Tank | -6/DSF Scavenger-Tank | -5/Factory Scavenger-Mutant | -5/Waste Scavenger-Tank | -5/Factory Tank | -4/Factory Scavenger-Gunner | -4/Extension Scavenger-Gunner | -4/Cetus Scavenger-Gunner | -4/Archives Scavenger-Gunner | -4/Hub_04(d) Scavenger-Gunner | -3/Research Hacker-Gunner | -3/Testing Hacker-Gunner | -2/Research Hacker-Gunner | -2/Quarantine Gunner | -2/Protoforge Resources | -11 -10 -10 -9 -9 -9 -8 -8 -7 -7 -7 -6 -6 -6 -6 -5 -5 -5 -4 -4 -4 -4 -4 -3 -3 -2 -2 -2 ----------- Run | Yrd Mat Min Mat Min Exi Min Mat Fac Was Fac Fac Was Fac DSF Fac Was Fac Fac Ext Cet Arc Hub Res Tes Res Qua Frg Matter Collected 16232 | 256 183 57 690 . . 137 1408 794 292 687 954 150 . 327 . 250 1720 1068 1487 519 108 675 740 1707 504 843 676 Remotely 4176 | . . . . . . . . 222 239 . . . . 90 . 250 701 455 418 . . . 36 1181 . 584 . Salvage Created 25560 | 105 827 75 1694 204 . 330 2048 834 275 698 1125 225 . 651 . 350 2128 1618 2356 471 84 2399 1786 1563 939 1432 1343 Parts 1193 | 7 51 6 97 7 . 27 87 42 2 37 56 3 . 45 . 9 106 84 107 26 . 90 66 86 53 46 53 Haulers Intercepted 24 | . 2 . 5 . . . 4 2 . . . . . . . . 2 1 1 . . 2 1 1 1 2 . Recyclers Shooed 17 | 1 1 . 3 . . . 1 . . . 3 . . . . . 3 1 1 . . . 1 . 1 1 . Parts Field Recycled . | . . . . . . . . . . . . . . . . . . . . . . . . . . . . Retrieved Matter . | . . . . . . . . . . . . . . . . . . . . . . . . . . . . Parts Self-Destructed . | . . . . . . . . . . . . . . . . . . . . . . . . . . . . Prevented . | . . . . . . . . . . . . . . . . . . . . . . . . . . . . Parts Restored . | . . . . . . . . . . . . . . . . . . . . . . . . . . . . Kills | -11 -10 -10 -9 -9 -9 -8 -8 -7 -7 -7 -6 -6 -6 -6 -5 -5 -5 -4 -4 -4 -4 -4 -3 -3 -2 -2 -2 ------- Run | Yrd Mat Min Mat Min Exi Min Mat Fac Was Fac Fac Was Fac DSF Fac Was Fac Fac Ext Cet Arc Hub Res Tes Res Qua Frg Combat Hostiles Destroyed 363 | . 13 5 32 3 . 10 32 14 1 12 12 . . 12 . 1 24 16 24 6 1 23 17 23 15 24 43 Melee 3 | . . . . . . . . . . . 2 . . . . . 1 . . . . . . . . . . Guns 258 | . 13 5 24 2 . 5 27 14 1 12 10 . . 5 . 1 23 12 22 6 1 19 17 14 8 9 8 Cannons 43 | . . . 6 . . . 5 . . . . . . 4 . . . 2 1 . . . . 9 7 4 5 AOE 54 | . . . . 1 . 5 . . . . . . . 3 . . . 2 1 . . 4 . . . 10 28 Classes Destroyed 26 | 2 6 . 2 . . . . 2 1 . . . . 3 . . . 1 2 . . . 1 1 . 2 3 Worker 32 | . 2 . 4 . . 1 4 . . 1 . . . . . . 2 4 . . . 3 . 3 . 2 6 Builder 18 | . 1 . 2 . . 1 . . . . . . . . . . . . . . . 4 . 4 1 1 4 Tunneler 7 | 2 . . 1 . . . . . . 1 1 . . . . . 2 . . . . . . . . . . Hauler 24 | . 2 . 5 . . . 4 2 . . . . . . . . 2 1 1 . . 2 1 1 1 2 . Recycler 36 | 1 3 . 3 1 . 1 2 1 . 2 3 . . . . . 5 3 3 . . 4 3 . 1 . . Carrier 1 | . . . . . . . . . . . . . . . . . . . . . . . . . . . 1 Mechanic 3 | . . . . . . . . . . . . . . . . . . . 1 . . . . . . . 2 Operator 6 | . 1 . . . . . . . . . 1 . . . . . 1 . 1 . . . . . . . 2 Drone 2 | . . . . . . . . . . . . . . . . . . . . . . . . . . . 2 Watcher 7 | . . . . . . . . . . . . . . . . . . 2 1 . . . . . . 1 3 Swarmer 77 | . 5 5 14 . . 5 4 4 . 7 1 . . 3 . . 11 4 2 . . . . . 4 4 4 Grunt 128 | . 8 . 7 3 . 4 19 7 . 2 7 . . 3 . . 5 4 11 1 . 13 13 7 1 7 6 Brawler 3 | . . . . . . . . 1 . . . . . . . . . . . . . 1 . . . . 1 Duelist 5 | . . . 1 . . 1 1 . . . . . . . . . . . 1 . . . 1 . . . . Protector 2 | . . . . . . . . . . . . . . . . . . . . . . . . . . . 2 Researcher 3 | . . . . . . . . . . . . . . . . . . . . . . . . 2 . . 1 Sentry 46 | . . . 10 . . . 8 . . 1 2 . . . . . 2 . 8 . 1 3 2 . 1 6 2 Specialist 3 | . . . . . . . . . . . . . . 3 . . . . . . . . . . . . . Hunter 27 | . . . . . . . . . . . . . . 1 . . 2 6 . . . 3 1 6 . 4 4 Programmer 39 | . . . . . . . . 2 . 2 2 . . 1 . . 4 2 . . . 2 . 10 9 . 5 Heavy 1 | . . . . . . . . . . . . . . 1 . . . . . . . . . . . . . Q-Series 5 | . . . . . . . . . . . . . . . . . . . . . . . . . . 2 3 Behemoth 3 | . . . . . . . . . . . . . . . . . . . 2 . . 1 . . . . . Compactor 2 | . . . . . . . . . 1 . . . . . . 1 . . . . . . . . . . . Cetus Guard 5 | . . . . . . . . . . . . . . . . . . . . 5 . . . . . . . Hotshot 12 | . . . . . . . . . . . . . . . . . . . . . . . . . . . 12 Alpha 7 3 | . . . . . . . . . . . . . . . . . . . . . . . . . . 1 2 Revision 1 | . . . . . . . . . . . . . . . . . . . . . . . 1 . . . . Best Kill Streak 33 | 2 4 3 6 4 . 4 7 3 1 6 5 . . 3 . 1 6 8 7 3 1 11 4 6 5 10 33 Combat Bots Only 21 | . 4 3 5 3 . 3 6 3 1 6 3 . . 3 . 1 6 4 6 3 1 7 4 5 4 9 21 Max Kills in Single Turn 33 | 1 2 1 1 1 . 2 2 1 1 1 1 . . 2 . 1 2 4 2 1 1 2 2 2 1 2 33 Gunslinging 1 | . . . . . . . 1 . . . . . . . . . . 1 1 . . . 1 . . . . Exploded 21 | . . . . 1 . 2 . . . . . . . 2 . . . 1 1 . . 2 . . . 2 21 Melee 1 | . . . . . . . . . . . 1 . . . . . 1 . . . . . . . . . . Uniques/NPCs Destroyed 1 | . . . . . . . . . . . . . . . . . . . . 1 . . . . . . . A7 (-4/Cetus) Combat | -11 -10 -10 -9 -9 -9 -8 -8 -7 -7 -7 -6 -6 -6 -6 -5 -5 -5 -4 -4 -4 -4 -4 -3 -3 -2 -2 -2 -------- Run | Yrd Mat Min Mat Min Exi Min Mat Fac Was Fac Fac Was Fac DSF Fac Was Fac Fac Ext Cet Arc Hub Res Tes Res Qua Frg Hostile Shots Fired 2436 | . 83 13 186 17 . 50 195 45 2 112 103 . . 26 . 1 108 145 145 31 4 191 74 446 70 175 214 Missed 542 | . 16 1 54 6 . 13 42 11 . 44 28 . . 7 . . 19 37 28 9 1 45 17 75 17 34 38 Hits 1894 | . 67 12 132 11 . 37 153 34 2 68 75 . . 19 . 1 89 108 117 22 3 146 57 371 53 141 176 Melee 26 | . . . 12 . . . 3 1 2 . . . . . . 1 . . . . . 2 . . . . 5 Projectile 1868 | . 67 12 120 11 . 37 150 33 . 68 75 . . 19 . . 89 108 117 22 3 144 57 371 53 141 171 AOE 34 | . . . . . . . . . . . . . . . . . . . . . . . . . . 31 3 Critical Strikes 85 | . 1 . 2 . . . 4 1 . 2 2 . . 1 . 1 6 6 7 5 . 6 1 18 5 5 12 Actively Blocked 7 | . . . . . . . . . . . . . . . . . . . . . . . . . . . 7 Part Disruptions 8 | . . . . 1 . . . . . . . . . . . . . . . . . . . 4 1 1 1 Damage Taken 35495 | . 740 94 1795 147 . 439 2172 543 75 1071 1098 . . 246 . 55 1423 1266 2517 564 130 2639 1300 6293 1238 3205 6445 Core 3437 | . 154 13 224 16 . 60 165 72 . 69 170 . . 17 . . 173 73 112 29 . 206 174 311 24 159 1216 Absorbed by Shields 1900 | . . . . . . . 184 12 . 32 120 . . 60 . . 301 396 161 74 . . . 43 . 169 348 Reduced by Siege Mode 1768 | . . . . . . . . . . . . . . 24 . . 30 28 113 14 . 160 30 725 70 244 330 Ignored by Resistances 1235 | . . . . . . . . . . . . . . . . . . . 330 . . 105 . 752 . 48 . Regen/Repaired (Parts) 5779 | . 10 . 64 . . . 352 42 . . 191 . . . . . 712 53 . . . . . 497 1104 1499 1255 Core Remaining (%) 65 | 100 . 33 . . . 25 70 . . 79 . . . 78 . . 82 . . . . 63 . 62 . . . Volleys Fired 1276 | 6 66 7 141 9 1 27 148 45 17 32 44 5 . 41 . 9 78 52 85 27 5 75 41 102 65 68 80 Largest 3 | 2 2 2 2 2 1 2 2 3 3 3 3 3 . 3 . 3 3 3 3 3 3 3 3 3 2 3 3 Hottest 334 | 60 80 60 112 112 56 112 94 75 75 75 75 75 . 120 . 99 75 120 144 103 103 310 240 334 148 280 280 Shots Fired 2860 | 12 128 14 281 18 1 48 296 133 51 97 123 15 . 55 . 29 233 136 231 81 15 181 117 210 94 118 143 Gun 2549 | 12 128 14 245 18 1 42 283 130 51 97 123 15 . 22 . 29 233 126 219 81 15 173 117 144 64 72 95 Cannon 289 | . . . 36 . . . 13 . . . . . . 31 . . . 9 8 . . 3 . 66 30 46 47 Launcher 19 | . . . . . . 6 . . . . . . . 2 . . . 1 4 . . 5 . . . . 1 Special 3 | . . . . . . . . 3 . . . . . . . . . . . . . . . . . . . Kinetic 2000 | 6 62 7 93 . . 4 269 130 51 97 123 15 . 22 . 29 233 126 198 81 15 110 78 154 30 30 37 Thermal 834 | 6 66 7 188 18 1 38 27 . . . . . . 31 . . . 9 29 . . 66 39 51 64 88 106 Explosive 18 | . . . . . . 6 . . . . . . . 2 . . . 1 4 . . 5 . . . . . Electromagnetic 5 | . . . . . . . . . . . . . . . . . . . . . . . . 5 . . . Robot Hit Streak 46 | 4 19 14 18 13 14 6 46 17 7 10 29 15 . 5 . 8 25 24 45 23 23 34 18 28 12 31 14 Robot Miss Streak 6 | 3 3 1 4 1 . 5 4 3 1 6 3 1 . 1 . 2 3 2 4 1 1 3 3 4 2 3 4 Penetration Max 2 | . . . . . . . . . . . . . . . . . . 1 2 1 1 1 1 1 . . . Secondary Targets 48 | . 1 1 4 . . 3 6 2 . . 3 . . . . 1 2 4 6 3 . 3 5 3 . 1 . Max Gunslinging Chain 1 | . 1 1 1 . . 1 1 1 . . 1 . . . . 1 1 1 1 1 . 1 1 1 . 1 . Shots Hit Robots 2010 | 6 90 10 182 14 1 24 225 91 42 58 105 13 . 15 1 22 184 101 176 68 9 133 85 148 48 72 87 Core Hits 967 | 4 40 7 65 5 1 21 81 32 4 29 48 2 . 21 . 4 80 56 92 36 6 79 58 62 23 41 70 Critical Kills 32 | . . . . . . . . . . . . . . 3 . 1 3 4 2 1 . 11 3 1 . 2 1 Critical Parts Destroyed 43 | . . . 1 . . . . 1 . 1 1 . . 2 . 1 2 10 3 . 1 13 3 3 . 1 . Critical Strikes 122 | . . . 11 2 . 1 4 1 . 1 2 . . 5 . 9 5 14 9 3 1 26 7 11 2 6 2 Burn 20 | . . . 10 2 . 1 3 . . . . . . . . . . . 2 . . . 1 1 . . . Meltdown 2 | . . . . . . . . . . . . . . . . . . . . . . . . . . 1 1 Destroy 86 | . . . 1 . . . . 1 . 1 1 . . 5 . 9 5 14 7 3 1 26 6 4 . 2 . Blast 13 | . . . . . . . 1 . . . . . . . . . . . . . . . . 6 2 3 1 Sever 1 | . . . . . . . . . . . 1 . . . . . . . . . . . . . . . . Melee Attacks 54 | . . . . . . . . 5 . 4 15 . . . 3 . 9 4 . 4 . . 4 6 . . . Impact . | . . . . . . . . . . . . . . . . . . . . . . . . . . . . Slashing 52 | . . . . . . . . 5 . 4 14 . . . 2 . 9 4 . 4 . . 4 6 . . . Piercing . | . . . . . . . . . . . . . . . . . . . . . . . . . . . . Sneak Attacks 5 | . . . . . . . . . . . 2 . . . 1 . 2 . . . . . . . . . . Combat Hostiles . | . . . . . . . . . . . . . . . . . . . . . . . . . . . . Follow-up Attacks . | . . . . . . . . . . . . . . . . . . . . . . . . . . . . Damage Inflicted 98207 | 72 906 98 2992 233 16 827 3478 1580 764 1139 1997 257 . 1410 . 173 3333 3356 5133 1829 331 4770 2473 5705 3064 6219 46052 Guns 38305 | 72 906 98 2424 233 16 359 3232 1580 764 1139 1637 257 . 141 . 173 3113 1711 3944 1829 331 3884 2473 3417 1428 1670 1474 Cannons 10079 | . . . 568 . . . 246 . . . . . . 890 . . . 208 241 . . . . 1859 1636 2285 2146 Explosions 49243 | . . . . . . 468 . . . . . . . 379 . . . 1437 948 . . 886 . 429 . 2264 42432 Melee 572 | . . . . . . . . . . . 352 . . . . . 220 . . . . . . . . . . Ramming 8 | . . . . . . . . . . . 8 . . . . . . . . . . . . . . . . Kinetic 31699 | 27 380 42 787 . . 42 3100 1580 764 1139 1637 257 . 141 . 173 3113 1711 3576 1829 331 2438 1555 3942 1636 533 966 Thermal 62810 | 45 526 56 2205 233 16 317 378 . . . . . . 890 . . . 1645 609 . . 1446 918 1326 1428 5686 45086 Explosive 3110 | . . . . . . 468 . . . . . . . 379 . . . . 948 . . 886 . 429 . . . Electromagnetic 8 | . . . . . . . . . . . . . . . . . . . . . . . . 8 . . . Impact . | . . . . . . . . . . . . . . . . . . . . . . . . . . . . Slashing 572 | . . . . . . . . . . . 352 . . . . . 220 . . . . . . . . . . Piercing . | . . . . . . . . . . . . . . . . . . . . . . . . . . . . Highest Corruption 31 | . . . . . . . 4 3 3 9 . . . . . 12 19 2 2 2 2 4 . 31 3 4 14 Average Corruption 6 | . . . . . . . 2 3 3 3 . . . . . 8 14 1 2 2 2 2 . 18 1 3 5 Corruption Purged 1 | . . . . . . . . . . . . . . . . . . . . . . . . . . . 1 Corruption Blocked . | . . . . . . . . . . . . . . . . . . . . . . . . . . . . Effects 367 | . . . . . . . 11 28 5 25 . . . . . 10 88 5 18 10 5 19 . 72 13 26 32 Message Errors 87 | . . . . . . . 1 7 1 7 . . . . . 2 18 . 3 1 1 4 . 25 2 6 9 Matter Fused 80 | . . . . . . . 2 7 2 3 . . . . . 1 23 1 7 2 2 2 . 13 5 5 5 Heat Flow Errors 35 | . . . . . . . 1 3 1 2 . . . . . . 8 1 . . 1 3 . 7 . 3 5 Energy Discharges 51 | . . . . . . . 2 3 . 2 . . . . . . 11 1 4 1 1 6 . 6 5 7 2 Parts Rejected 11 | . . . . . . . 1 . 1 . . . . . . 2 2 . . 1 . . . 3 . 1 . Parts Fused 2 | . . . . . . . . . . . . . . . . . 1 . . 1 . . . . . . . Data Loss (minor) 34 | . . . . . . . 2 3 . 5 . . . . . 2 10 1 3 1 . . . 4 . . 3 Data Loss (major) 23 | . . . . . . . 1 1 . 3 . . . . . . 2 1 1 2 . 3 . 2 . 3 4 Misfires 17 | . . . . . . . . 4 . 2 . . . . . 2 5 . . . . . . 1 . . 3 Alerts 5 | . . . . . . . 1 . . . . . . . . . 2 . . 1 . . . 1 . . . Misdirections 4 | . . . . . . . . . . . . . . . . 1 1 . . . . . . 2 . . . Weapon Failures 18 | . . . . . . . . . . 1 . . . . . . 5 . . . . 1 . 8 1 1 1 Overload Shots 17 | . . . . . . . . . . . . . . . . . . . . . . 14 2 1 . . . Overflow Damage 5459 | . . . . . . . . . . . 67 . . 26 . . 89 281 10 . . 22 . 324 158 319 4163 Projectiles 669 | . . . . . . . . . . . . . . . . . . . . . . . . 211 158 230 70 Explosions 4634 | . . . . . . . . . . . . . . 26 . . . 281 10 . . 22 . 113 . 89 4093 Melee 156 | . . . . . . . . . . . 67 . . . . . 89 . . . . . . . . . . Knockbacks 31 | . . . . . . . 1 . . . . . . . . . . . . . . . . 10 9 6 5 Impact . | . . . . . . . . . . . . . . . . . . . . . . . . . . . . Kinetic 30 | . . . . . . . . . . . . . . . . . . . . . . . . 10 9 6 5 Secondary 1 | . . . . . . . 1 . . . . . . . . . . . . . . . . . . . . Self-Inflicted Damage 1901 | . . . . . . 42 . . . . . . . . . . 71 . . . . 7 . 84 . 83 1614 Shots 11 | . . . . . . 2 . . . . . . . . . . 1 . . . . 1 . 2 . 2 3 Rammed 2 | . . . . . . . . . . . 2 . . . . . . . . . . . . . . . . Targets Rammed 2 | . . . . . . . . . . . 2 . . . . . . . . . . . . . . . . Kicked . | . . . . . . . . . . . . . . . . . . . . . . . . . . . . Crushed . | . . . . . . . . . . . . . . . . . . . . . . . . . . . . Highest Temperature 407 | 40 245 40 60 24 . 63 240 188 105 273 117 . . 112 . . 240 176 349 . 78 322 260 407 367 225 79 Average Temperature 57 | 18 52 20 12 9 . 19 40 58 76 69 38 . . 38 . . 84 26 63 . 48 106 38 102 69 107 74 Received Heat Transfer 5963 | . 336 . 321 81 . 108 1008 164 . 67 430 . . 50 . . 209 72 783 . 9 450 300 764 9 162 640 Effects 4 | . 2 . . . . . . . . 1 . . . . . . . . . . . . . 1 . . . Energy Bleed 2 | . . . . . . . . . . 1 . . . . . . . . . . . . . 1 . . . Interference 2 | . 2 . . . . . . . . . . . . . . . . . . . . . . . . . . Siege Activations 74 | . . . . . . . . . . . . . . 2 . . 7 4 10 2 1 8 8 12 6 5 9 Total Turns 1175 | . . . . . . . . . . . . . . 32 . . 75 72 129 31 2 129 92 211 75 148 179 Longest Duration 69 | . . . . . . . . . . . . . . 25 . . 21 34 35 16 2 29 28 51 21 69 44 Martial Activations . | . . . . . . . . . . . . . . . . . . . . . . . . . . . . Shielding Activations . | . . . . . . . . . . . . . . . . . . . . . . . . . . . . Robots Disrupted . | . . . . . . . . . . . . . . . . . . . . . . . . . . . . Combat Hostiles . | . . . . . . . . . . . . . . . . . . . . . . . . . . . . Robots Corrupted . | . . . . . . . . . . . . . . . . . . . . . . . . . . . . Combat Hostiles . | . . . . . . . . . . . . . . . . . . . . . . . . . . . . Parts Fried . | . . . . . . . . . . . . . . . . . . . . . . . . . . . . Impact Corruptions . | . . . . . . . . . . . . . . . . . . . . . . . . . . . . Robots Melted 5 | . . . 2 . . . . . . . . . . . . . . . . . . . . . . 1 2 Combat Hostiles 5 | . . . 2 . . . . . . . . . . . . . . . . . . . . . . 1 2 Parts Melted 45 | . . 1 17 2 . 4 1 . . . . . . . . . . 1 2 . . 3 1 6 1 4 2 Heat Transferred 29247 | 100 1200 125 5261 666 37 777 1036 . . . . . . 2000 . . . 1380 1300 . . 1706 1284 1641 1221 4400 5113 Parts Sabotaged . | . . . . . . . . . . . . . . . . . . . . . . . . . . . . Parts Stolen . | . . . . . . . . . . . . . . . . . . . . . . . . . . . . Parts Stripped . | . . . . . . . . . . . . . . . . . . . . . . . . . . . . Power Chain Reactions . | . . . . . . . . . . . . . . . . . . . . . . . . . . . . Alert | -11 -10 -10 -9 -9 -9 -8 -8 -7 -7 -7 -6 -6 -6 -6 -5 -5 -5 -4 -4 -4 -4 -4 -3 -3 -2 -2 -2 ------- Run | Yrd Mat Min Mat Min Exi Min Mat Fac Was Fac Fac Was Fac DSF Fac Was Fac Fac Ext Cet Arc Hub Res Tes Res Qua Frg Maximum Alert Level 5 | . . . 1 . . . 2 . . 1 . . . 1 . . 2 3 2 2 1 2 1 2 1 3 5 Low Security (%) 54 | 100 100 100 91 100 . 100 71 100 100 98 100 100 100 74 100 100 59 25 3 . . 19 34 47 . 42 . Level 1 28 | . . . 8 . . . 23 . . 1 . . . 25 . . 22 4 32 88 100 37 65 48 99 14 27 Level 2 12 | . . . . . . . 4 . . . . . . . . . 18 18 64 11 . 43 . 4 . 25 43 Level 3 4 | . . . . . . . . . . . . . . . . . . 52 . . . . . . . 17 27 Level 4 . | . . . . . . . . . . . . . . . . . . . . . . . . . . . . Level 5 . | . . . . . . . . . . . . . . . . . . . . . . . . . . . 1 High Security . | . . . . . . . . . . . . . . . . . . . . . . . . . . . . Max Security . | . . . . . . . . . . . . . . . . . . . . . . . . . . . . Sterilizations 1 | . . . . . . . . . . . . . . 1 . . . . . . . . . . . . . Peak Influence 5552 | 5 133 115 218 159 . 113 415 121 23 201 172 49 . 327 171 22 447 898 525 550 357 633 334 423 385 744 5552 Initial 439 | . . 10 44 79 . . 37 49 23 . 4 49 . . 171 22 . 198 439 267 217 89 316 121 237 180 402 Average 222 | 2 48 43 92 119 . 35 136 34 2 94 66 7 . 139 120 3 161 572 413 346 297 358 219 238 319 352 614 Influence Increases 19011 | 15 421 165 1030 100 . 297 995 401 . 434 420 . . 337 4 . 843 1068 1057 723 200 1366 468 1063 601 1239 5764 Destroy 0b10 Robot/C 7620 | . 260 100 640 60 . 200 640 280 . 240 240 . . 240 . . 480 320 600 300 80 500 340 500 300 480 820 Destroy 0b10 Robot/NC 705 | 15 45 . 75 5 . 15 55 15 . 20 25 . . . . . 60 50 35 10 . 70 20 40 15 30 105 Destroy Leader 1468 | . 84 20 170 20 . 40 158 44 . 60 60 . . 50 . . 74 66 52 20 . 112 72 102 52 66 146 Allied During Kill 657 | . . . . . . . . . . . . . . . . . . . 174 330 78 75 . . . . . Successful Hack 630 | . 2 . 34 . . . 31 55 . 80 16 . . . . . 70 31 26 . . 22 18 90 48 65 42 Select Force Hacks 30 | . 30 . . . . . . . . . . . . . . . . . . . . . . . . . . Disable Machine 1935 | . . . . 15 . . 30 . . 15 . . . 15 . . 45 345 60 15 30 195 . 240 45 120 765 Destroy Structure 5336 | . . . 6 . . 27 6 7 . 4 4 . . 17 4 . 84 226 50 48 12 332 18 76 111 418 3886 Partial Spotted 45 | . . 15 . . . . . . . . . . . . . . . 30 . . . . . . . . . Lose Combat Pursuer 585 | . . 30 105 . . 15 75 . . 15 75 . . 15 . . 30 . 60 . . 60 . 15 30 60 . Influence Decreases 13473 | 15 394 77 940 166 139 200 983 444 66 424 288 142 . 10 266 65 436 577 1477 657 487 1020 855 856 702 846 941 Entered New Map 3211 | . . 17 71 126 139 . 60 60 43 . 6 93 . . 156 43 . 209 459 211 327 168 287 95 186 142 313 Time Decay 7635 | 15 364 50 540 40 . 190 513 368 23 404 252 49 . . 110 20 406 368 538 356 120 392 568 601 506 364 478 Lost Part 770 | . 30 10 50 . . 10 110 10 . 20 30 . . 10 . . 30 . 60 10 . 40 . 160 10 30 150 Lost Ally 382 | . . . 10 . . . . . . . . . . . . 2 . . 120 80 40 120 . . . 10 . Purge Threat 1475 | . . . 269 . . . 300 6 . . . . . . . . . . 300 . . 300 . . . 300 . Squads Dispatched 81 | . 4 . . . . . 3 3 . 3 4 . . 2 1 . 4 6 3 . . 9 10 8 11 6 4 Investigation 16 | . 1 . . . . . 3 . . . 2 . . . . . . 3 1 . . . 2 . 3 1 . Extermination 24 | . . . . . . . . 3 . 2 1 . . . 1 . 2 1 . . . 1 . 4 5 2 2 Reinforcement 32 | . 3 . . . . . . . . 1 1 . . 2 . . 1 2 1 . . 5 8 4 3 1 . Assault 7 | . . . . . . . . . . . . . . . . . 1 . 1 . . 1 . . . 2 2 Garrison 2 | . . . . . . . . . . . . . . . . . . . . . . 2 . . . . . Intercept . | . . . . . . . . . . . . . . . . . . . . . . . . . . . . Searches Triggered . | . . . . . . . . . . . . . . . . . . . . . . . . . . . . Construction Impeded 4 | . . . . . . . . . . . . . . . . . . 2 . . . 1 . . 1 . . Haulers Reinforced 4 | . . . . . . . . . . . . . . . . . 1 . . . . 1 1 . 1 . . Active Scanning Responses . | . . . . . . . . . . . . . . . . . . . . . . . . . . . . Cargo Convoy Interrupts 1 | . . . . . . . . . . 1 . . . . . . . . . . . . . . . . . Stealth | -11 -10 -10 -9 -9 -9 -8 -8 -7 -7 -7 -6 -6 -6 -6 -5 -5 -5 -4 -4 -4 -4 -4 -3 -3 -2 -2 -2 --------- Run | Yrd Mat Min Mat Min Exi Min Mat Fac Was Fac Fac Was Fac DSF Fac Was Fac Fac Ext Cet Arc Hub Res Tes Res Qua Frg Distress Signals 33 | . . . 3 . . . 4 . . 1 2 . . . . . 3 . 2 2 . 4 9 1 . 2 . Communications Jammed 24 | . . . . . . . . . . . . . . . . . . . . . . . . 24 . . . Distress Signals 24 | . . . . . . . . . . . . . . . . . . . . . . . . 24 . . . Times Spotted 538 | . 24 7 50 4 . 12 50 18 6 34 22 . . 9 1 6 33 18 36 16 7 35 29 34 19 37 31 Peak Tracking Total 13 | . 4 3 6 3 6 3 10 3 4 13 6 . . 3 1 5 6 4 6 5 1 9 4 7 5 8 11 Tactical Retreats 32 | . . 2 5 . . 1 4 . . 1 4 . . 1 . . 2 . 4 . . 2 . 1 1 4 . Traps | -11 -10 -10 -9 -9 -9 -8 -8 -7 -7 -7 -6 -6 -6 -6 -5 -5 -5 -4 -4 -4 -4 -4 -3 -3 -2 -2 -2 ------- Run | Yrd Mat Min Mat Min Exi Min Mat Fac Was Fac Fac Was Fac DSF Fac Was Fac Fac Ext Cet Arc Hub Res Tes Res Qua Frg Traps Triggered 34 | . . . . . . . 5 3 . 3 1 . . 3 1 . 5 1 4 . . 1 . 2 1 2 2 Indirectly . | . . . . . . . . . . . . . . . . . . . . . . . . . . . . Trap Hack Attempts . | . . . . . . . . . . . . . . . . . . . . . . . . . . . . Triggered . | . . . . . . . . . . . . . . . . . . . . . . . . . . . . Disarmed . | . . . . . . . . . . . . . . . . . . . . . . . . . . . . Reprogrammed . | . . . . . . . . . . . . . . . . . . . . . . . . . . . . Reused . | . . . . . . . . . . . . . . . . . . . . . . . . . . . . Traps Extracted . | . . . . . . . . . . . . . . . . . . . . . . . . . . . . Installed . | . . . . . . . . . . . . . . . . . . . . . . . . . . . . Triggered . | . . . . . . . . . . . . . . . . . . . . . . . . . . . . Machines | -11 -10 -10 -9 -9 -9 -8 -8 -7 -7 -7 -6 -6 -6 -6 -5 -5 -5 -4 -4 -4 -4 -4 -3 -3 -2 -2 -2 ---------- Run | Yrd Mat Min Mat Min Exi Min Mat Fac Was Fac Fac Was Fac DSF Fac Was Fac Fac Ext Cet Arc Hub Res Tes Res Qua Frg Machines Disabled 143 | . . . . 1 . . 2 . . 1 . . . 1 . . 3 23 4 2 2 13 . 18 3 9 61 Max in Single Turn 58 | . . . . 1 . . 1 . . 1 . . . 1 . . 2 16 1 1 1 5 . 3 1 2 58 Garrison Access 5 | . . . . . . . . 1 . 1 . . . . . . 1 . . . . 1 . . . 1 . Network Hub 1 | . . . . . . . . . . . . . . . . . . . . . . 1 . . . . . Machines Repaired . | . . . . . . . . . . . . . . . . . . . . . . . . . . . . Machines Dismantled 3 | . . . . . . . . . . . . . . . . . . . 2 1 . . . . . . . Machines Sabotaged . | . . . . . . . . . . . . . . . . . . . . . . . . . . . . Overloaded Fab Kills . | . . . . . . . . . . . . . . . . . . . . . . . . . . . . Hacking | -11 -10 -10 -9 -9 -9 -8 -8 -7 -7 -7 -6 -6 -6 -6 -5 -5 -5 -4 -4 -4 -4 -4 -3 -3 -2 -2 -2 --------- Run | Yrd Mat Min Mat Min Exi Min Mat Fac Was Fac Fac Was Fac DSF Fac Was Fac Fac Ext Cet Arc Hub Res Tes Res Qua Frg Machines Accessed 131 | . 6 . 12 . 2 . 8 14 . 9 3 . 1 . 1 . 11 7 10 2 . 7 9 12 4 10 3 Terminals 80 | . 4 . 9 . . . 6 7 . 5 1 . 1 . . . 6 3 10 2 . 5 3 9 1 6 2 Fabricators 7 | . . . . . . . . 2 . . . . . . . . . 2 . . . . 2 1 . . . Repair Stations 15 | . 1 . 1 . . . 2 1 . 1 1 . . . . . 2 1 . . . . 1 1 2 1 . Recycling Units 3 | . 1 . . . . . . . . . 1 . . . . . 1 . . . . . . . . . . Scanalyzers 15 | . . . 2 . . . . 1 . 2 . . . . 1 . 1 1 . . . . 2 1 1 2 1 Garrison Access 9 | . . . . . . . . 3 . 1 . . . . . . 1 . . . . 2 1 . . 1 . Total Hacks 370 | . 19 . 44 . 2 . 30 25 . 18 10 . 1 . 1 . 25 25 27 3 . 16 34 29 18 36 7 Successful 178 | . 8 . 23 . 2 . 19 14 . 9 7 . 1 . . . 16 11 11 1 . 7 12 10 7 17 3 Failed 190 | . 11 . 20 . . . 11 11 . 9 3 . . . 1 . 8 14 16 2 . 9 22 19 11 19 4 Catastrophic 31 | . . . 1 . . . 4 1 . 2 . . . . . . 2 . 3 . . 3 4 6 4 . 1 Database Lockouts 2 | . . . 1 . . . . . . . . . . . . . 1 . . . . . . . . . . Manual 107 | . 16 . 19 . 1 . 14 5 . 5 3 . . . . . 6 6 8 2 . 3 . 6 4 9 . Terminals 226 | . 15 . 30 . . . 21 13 . 9 2 . 1 . . . 12 14 27 3 . 13 7 24 7 23 5 Fabricators 11 | . . . . . . . . 2 . . . . . . . . . 5 . . . . 3 1 . . . Repair Stations 55 | . 2 . 3 . . . 9 4 . 2 4 . . . . . 9 3 . . . . 3 3 9 4 . Recycling Units 7 | . 2 . . . . . . . . . 4 . . . . . 1 . . . . . . . . . . Scanalyzers 56 | . . . 11 . . . . 3 . 5 . . . . 1 . 2 3 . . . . 19 1 2 7 2 Garrison Access 13 | . . . . . . . . 3 . 2 . . . . . . 1 . . . . 3 2 . . 2 . Terminal Hacks 76 | . 2 . 8 . 2 . 8 5 . 3 . . 1 . . . 5 3 10 1 . 6 1 7 1 11 2 Record 2 | . . . . . 1 . . . . . . . . . . . . . . 1 . . . . . . . Part Schematic 2 | . . . . . . . . . . . . . . . . . 1 . 1 . . . . . . . . Robot Analysis 2 | . . . . . . . 1 . . . . . . . . . . . . . . . . . . 1 . Prototype ID Bank 13 | . 1 . 3 . . . 1 1 . 1 . . . . . . 1 2 1 . . 1 . 1 . . . Open Door 4 | . . . . . . . . . . . . . . . . . . . 3 . . . . 1 . . . Open DSF 2 | . . . . . . . . 1 . . . . 1 . . . . . . . . . . . . . . Level Access Points 2 | . . . . . . . . . . 1 . . . . . . . . . . . . . . . 1 . Branch Access Points 3 | . . . . . . . 1 . . 1 . . . . . . . 1 . . . . . . . . . Emergency Access Points 3 | . . . . . . . . . . . . . . . . . . . . . . . . . . 2 1 Terminal Index 1 | . . . . . . . . . . . . . . . . . . . . . . . . . . 1 . Fabricator Index 1 | . . . . . . . . . . . . . . . . . 1 . . . . . . . . . . Alert Level 10 | . 1 . 1 . . . 2 . . . . . . . . . 1 . 1 . . 1 1 1 . 1 . Unreport Threat 11 | . . . 2 . . . 2 1 . . . . . . . . . . 2 . . 2 . . . 2 . Locate Traps 1 | . . . . . . . . . . . . . . . . . . . . . . 1 . . . . . Security Status 1 | . . . . . . . . . . . . . . . . . . . 1 . . . . . . . . Recall Investigation 1 | . . . . . . . . . . . . . . . . . . . . . . . . . . 1 . Recall Extermination 1 | . . . . . . . . . . . . . . . . . . . . . . . . . 1 . . Hauler Manifests 1 | . . . 1 . . . . . . . . . . . . . . . . . . . . . . . . Registered Components 2 | . . . 1 . . . . 1 . . . . . . . . . . . . . . . . . . . Zone Layout 10 | . . . . . . . 1 1 . . . . . . . . 1 . 1 . . 1 . 2 . 2 1 Proto ID Catalog 1 | . . . . . 1 . . . . . . . . . . . . . . . . . . . . . . Protovariant Controls 2 | . . . . . . . . . . . . . . . . . . . . . . . . 2 . . . Fabricator Hacks 9 | . . . . . . . . 2 . . . . . . . . . 4 . . . . 3 . . . . Network Status 1 | . . . . . . . . 1 . . . . . . . . . . . . . . . . . . . Load Schematic 4 | . . . . . . . . . . . . . . . . . . 2 . . . . 2 . . . . Build 4 | . . . . . . . . 1 . . . . . . . . . 2 . . . . 1 . . . . Repair Station Hacks 33 | . 2 . 3 . . . 7 3 . . 3 . . . . . 7 1 . . . . 1 1 4 1 . Scan Component 22 | . 1 . 2 . . . 4 2 . . 2 . . . . . 4 1 . . . . 1 1 3 1 . Repair 11 | . 1 . 1 . . . 3 1 . . 1 . . . . . 3 . . . . . . . 1 . . Recycling Unit Hacks 3 | . . . . . . . . . . . 3 . . . . . . . . . . . . . . . . Recycle Component 2 | . . . . . . . . . . . 2 . . . . . . . . . . . . . . . . Process 1 | . . . . . . . . . . . 1 . . . . . . . . . . . . . . . . Scanalyzer 24 | . . . 7 . . . . 2 . 3 . . . . . . . 1 . . . . 7 1 . 2 1 Insert Component 9 | . . . 3 . . . . 1 . 1 . . . . . . . . . . . . 2 1 . 1 . Analyze 9 | . . . 2 . . . . . . 1 . . . . . . . . . . . . 5 . . 1 . Retrieve Study 6 | . . . 2 . . . . 1 . 1 . . . . . . . 1 . . . . . . . . 1 Garrison Access Hacks 5 | . . . . . . . . 1 . 1 . . . . . . 1 . . . . 1 . . . 1 . Seal Access 5 | . . . . . . . . 1 . 1 . . . . . . 1 . . . . 1 . . . 1 . Unauthorized Hacks 27 | . 3 . 5 . . . 4 1 . 2 1 . . . . . 3 2 1 . . . . 1 2 2 . Terminals 23 | . 2 . 5 . . . 3 1 . 2 1 . . . . . 3 1 1 . . . . 1 1 2 . Assimilate 4 | . . . 1 . . . . . . . . . . . . . . . . . . . . 1 . 2 . Botnet 18 | . 2 . 4 . . . 3 1 . 2 . . . . . . 3 1 1 . . . . . 1 . . Disrupt 1 | . . . . . . . . . . . 1 . . . . . . . . . . . . . . . . Fabricators . | . . . . . . . . . . . . . . . . . . . . . . . . . . . . Repair Stations 3 | . . . . . . . 1 . . . . . . . . . . 1 . . . . . . 1 . . Patch 3 | . . . . . . . 1 . . . . . . . . . . 1 . . . . . . 1 . . Recycling Units 1 | . 1 . . . . . . . . . . . . . . . . . . . . . . . . . . Tunnel 1 | . 1 . . . . . . . . . . . . . . . . . . . . . . . . . . Scanalyzers . | . . . . . . . . . . . . . . . . . . . . . . . . . . . . Garrison Access . | . . . . . . . . . . . . . . . . . . . . . . . . . . . . Data Cores Recovered 1 | . . . . . . . . . . . . . . . . . . . 1 . . . . . . . . Used . | . . . . . . . . . . . . . . . . . . . . . . . . . . . . Hacking Detections 106 | . 5 . 11 . . . 8 9 . 8 3 . 1 . 1 . 8 7 7 3 . 6 7 8 4 7 3 Full Trace Events 6 | . . . . . . . . . . . 2 . . . . . . 2 . . . . 1 . 1 . . Feedback Events . | . . . . . . . . . . . . . . . . . . . . . . . . . . . . Feedback Blocked 1 | . . . . . . . . . . . . . . . . . . . . . . . . . 1 . . Robot Schematics Acquired 2 | . . . . . . . . . . . . . . . . . . . . . . . . 2 . . . Robots Built 2 | . . . . . . . . 2 . . . . . . . . . . . . . . . . . . . Authchips . | . . . . . . . . . . . . . . . . . . . . . . . . . . . . Time 67 | . . . . . . . . 67 . . . . . . . . . . . . . . . . . . . Total Robot Build Rating 8 | . . . . . . . . 8 . . . . . . . . . . . . . . . . . . . Part Schematics Acquired 14 | . . . 2 . . . . . . 1 . . . . . . 1 . 1 . . . 2 6 . 1 . Parts Built 3 | . . . . . . . . . . . . . . . . . . 2 . . . . 1 . . . . Authchips . | . . . . . . . . . . . . . . . . . . . . . . . . . . . . Time 178 | . . . . . . . . . . . . . . . . . . 131 . . . . 47 . . . . Total Part Build Rating 14 | . . . . . . . . . . . . . . . . . . 9 . . . . 5 . . . . Part Studies Acquired 6 | . . . 2 . . . . 1 . 1 . . . . . . . 1 . . . . . . . . 1 Parts Repaired 11 | . 1 . 1 . . . 3 1 . . 1 . . . . . 3 . . . . . . . 1 . . Time 459 | . 26 . 51 . . . 96 76 . . 38 . . . . . 127 . . . . . . . 45 . . Parts Recycled 2 | . . . . . . . . . . . 2 . . . . . . . . . . . . . . . . Recycled Matter 142 | . . . . . . . . . . . 142 . . . . . . . . . . . . . . . . Retrieved Matter . | . . . . . . . . . . . . . . . . . . . . . . . . . . . . Retrieved Components . | . . . . . . . . . . . . . . . . . . . . . . . . . . . . Parts Scanalyzed 8 | . . . 3 . . . . 1 . 1 . . . . . . . . . . . . 2 . . 1 . Part Schematics Acquired 6 | . . . 2 . . . . . . 1 . . . . . . . . . . . . 2 . . 1 . Parts Damaged 3 | . . . 2 . . . . . . . . . . . . . . . . . . . . . . 1 . Bothacking | -11 -10 -10 -9 -9 -9 -8 -8 -7 -7 -7 -6 -6 -6 -6 -5 -5 -5 -4 -4 -4 -4 -4 -3 -3 -2 -2 -2 ------------ Run | Yrd Mat Min Mat Min Exi Min Mat Fac Was Fac Fac Was Fac DSF Fac Was Fac Fac Ext Cet Arc Hub Res Tes Res Qua Frg Used RIF Installer . | . . . . . . . . . . . . . . . . . . . . . . . . . . . . Robots Hacked 4 | . . . . . . . . 2 . . 1 . . . 1 . . . . . . . . . . . . Non-combat 4 | . . . . . . . . 2 . . 1 . . . 1 . . . . . . . . . . . . Combat . | . . . . . . . . . . . . . . . . . . . . . . . . . . . . Robot Hacks Applied 4 | . . . . . . . . 2 . . 1 . . . 1 . . . . . . . . . . . . find_chute 3 | . . . . . . . . 1 . . 1 . . . 1 . . . . . . . . . . . . find_recycling 1 | . . . . . . . . 1 . . . . . . . . . . . . . . . . . . . Relay Couplers Released 2 | . . . . . . . . . . . . . . . . . . . . . . 2 . . . . . Machine Destruction 2 | . . . . . . . . . . . . . . . . . . . . . . 2 . . . . . Fabnet Peak Effective % . | . . . . . . . . . . . . . . . . . . . . . . . . . . . . Robots Rewired 11 | . . . . . . . . . . . . . . . . . . . 11 . . . . . . . . Allies Hacked . | . . . . . . . . . . . . . . . . . . . . . . . . . . . . Hacks Repelled . | . . . . . . . . . . . . . . . . . . . . . . . . . . . . Allies | -11 -10 -10 -9 -9 -9 -8 -8 -7 -7 -7 -6 -6 -6 -6 -5 -5 -5 -4 -4 -4 -4 -4 -3 -3 -2 -2 -2 -------- Run | Yrd Mat Min Mat Min Exi Min Mat Fac Was Fac Fac Was Fac DSF Fac Was Fac Fac Ext Cet Arc Hub Res Tes Res Qua Frg Total Allies 27 | . . . 1 . . . . 2 . . . . . . . 1 . . 17 5 . . . . . 1 . Largest Group 14 | . . . 1 . . . . 2 2 . . . . . . 1 . . 11 14 9 6 . . . 1 . Highest-Rated Group 877 | . . . 10 . . . . 64 60 . . . . . . 31 . . 602 877 542 360 . . . 10 . Highest-Rated Ally 159 | . . . 10 . . . . 32 32 . . . . . . 31 . . 159 159 96 96 . . . 10 . Initial Warlord ECA Mod 9 | . . . . . . . . . . . . . . . 9 9 9 8 8 8 8 8 7 7 6 6 6 Total Orders 4 | . . . . . . . . . . . . . . . . . . . . 3 . 1 . . . . . STAY 2 | . . . . . . . . . . . . . . . . . . . . 1 . 1 . . . . . FOLLOW 2 | . . . . . . . . . . . . . . . . . . . . 2 . . . . . . . Ally Attacks 211 | . . . . . . . . 1 27 . . . . . . 5 . . 50 76 29 23 . . . . . Total Damage 5838 | . . . . . . . . 27 1355 . . . . . . 43 . . 1177 2211 635 390 . . . . . Kills 27 | . . . . . . . . . 1 . . . . . . . . . 6 13 4 3 . . . . . Allies Corrupted . | . . . . . . . . . . . . . . . . . . . . . . . . . . . . Allies Melted 1 | . . . . . . . . . . . . . . . . . . . 1 . . . . . . . . Intel | -11 -10 -10 -9 -9 -9 -8 -8 -7 -7 -7 -6 -6 -6 -6 -5 -5 -5 -4 -4 -4 -4 -4 -3 -3 -2 -2 -2 ------- Run | Yrd Mat Min Mat Min Exi Min Mat Fac Was Fac Fac Was Fac DSF Fac Was Fac Fac Ext Cet Arc Hub Res Tes Res Qua Frg Active Infowar (turns) 8455 | 11 242 . 185 . . . . . . . 196 302 29 283 230 185 1579 539 417 . . . 1 1142 1160 907 1047 Optics 69 | . . . . . . . . . . . . . . . . . . . . . . . . . . . 69 Sensors 7119 | . . . . . . . . . . . 196 302 29 283 230 185 1579 539 417 . . . . 467 1160 907 825 Terrain 2 | 2 . . . . . . . . . . . . . . . . . . . . . . . . . . . Seismic 436 | 9 242 . 185 . . . . . . . . . . . . . . . . . . . . . . . . Jamming 1738 | . . . . . . . . . . . . . . . . . . . . . . . . 849 87 . 802 ECM 1 | . . . . . . . . . . . . . . . . . . . . . . . 1 . . . . Robot Analysis Total 2 | . . . . . . . 1 . . . . . . . . . . . . . . . . . . 1 . Derelict Logs Recovered . | . . . . . . . . . . . . . . . . . . . . . . . . . . . . Drone Launches . | . . . . . . . . . . . . . . . . . . . . . . . . . . . . Drone Recoveries . | . . . . . . . . . . . . . . . . . . . . . . . . . . . . Exploration | -11 -10 -10 -9 -9 -9 -8 -8 -7 -7 -7 -6 -6 -6 -6 -5 -5 -5 -4 -4 -4 -4 -4 -3 -3 -2 -2 -2 ------------- Run | Yrd Mat Min Mat Min Exi Min Mat Fac Was Fac Fac Was Fac DSF Fac Was Fac Fac Ext Cet Arc Hub Res Tes Res Qua Frg Turns Passed 24511 | 81 1014 117 2114 93 291 495 1546 1588 305 1071 700 397 29 489 231 185 1861 856 1529 810 244 936 1716 1931 1377 1276 1229 Spaces Moved 14559 | 35 631 81 1210 48 214 295 796 1193 207 841 315 349 23 253 173 145 1229 505 792 366 122 377 1311 1155 775 586 532 Core 23 | . . . . . . . . . . . . . . . . . . . . . . . . . . . 23 Treads 306 | 35 57 . 50 . . . . . . . 12 1 . . . . 1 . 11 . . 78 . 11 48 . 2 Legs . | . . . . . . . . . . . . . . . . . . . . . . . . . . . . Wheels 14230 | . 574 81 1160 48 214 295 796 1193 207 841 303 348 23 253 173 145 1228 505 781 366 122 299 1311 1144 727 586 507 Hover . | . . . . . . . . . . . . . . . . . . . . . . . . . . . . Flight . | . . . . . . . . . . . . . . . . . . . . . . . . . . . . Fastest Speed 50 | 160 100 115 105 135 135 135 105 105 105 100 105 105 105 120 105 105 102 102 102 136 165 105 102 104 103 119 50 Average Speed 118 | 160 109 115 123 135 135 135 113 108 114 109 127 105 105 120 117 105 108 103 114 154 165 155 106 117 120 132 137 Slowest Speed 275 | 160 160 115 240 135 135 150 150 120 135 155 245 160 105 120 120 105 160 106 240 180 165 240 120 270 240 275 250 Overloaded Moves . | . . . . . . . . . . . . . . . . . . . . . . . . . . . . Propulsion Burnouts . | . . . . . . . . . . . . . . . . . . . . . . . . . . . . Robots Hopped . | . . . . . . . . . . . . . . . . . . . . . . . . . . . . Potential Cave-ins 10 | . . . . . . . . . . . . . . . . . . . . . . 2 . . . 1 7 Cave-ins Triggered . | . . . . . . . . . . . . . . . . . . . . . . . . . . . . Teleports 1 | . . . . . . . . . . . . . . . . . . . . . . . . . . 1 . Exploration Rate (%) 50 | 3 97 19 93 13 61 72 73 31 77 21 7 95 1 96 7 74 32 16 83 71 77 39 42 94 20 79 18 Regions Visited 27 Branch Regions 11 Pre-discovered Areas 2 | . 1 . . . 1 . . . . . . . . . . . . . . . . . . . . . . Known Exits Taken 7 | . . . . . . . . . . 1 . . 1 . . . 1 1 . . . . . 1 1 1 . Unknown Exits Taken 13 | 1 1 1 1 1 1 1 1 . . . . . . . . . . . 1 1 1 1 1 . . . . Scrap Searched 1 | . . 1 . . . . . . . . . . . . . . . . . . . . . . . . . Spaces Dug 167 | . . . . . . . . 5 . 3 1 . . . 2 . 3 16 . . . 7 5 5 25 77 18 Terrain Destroyed 3154 | . . . 2 . . 32 . 5 . 3 1 . . 20 2 . 39 127 35 11 1 234 11 42 33 185 2371 Melee 23 | . . . . . . . . 5 . 3 1 . . . 2 . 3 4 . . . . 3 2 . . . Projectile 190 | . . . 2 . . . . . . . . . . 1 . . . 2 15 11 1 41 7 21 33 15 41 AOE 2938 | . . . . . . 32 . . . . . . . 18 . . 36 120 20 . . 193 . 19 . 170 2330 Terrain Rammed . | . . . . . . . . . . . . . . . . . . . . . . . . . . . . Walls Destroyed . | . . . . . . . . . . . . . . . . . . . . . . . . . . . . Machines Disabled . | . . . . . . . . . . . . . . . . . . . . . . . . . . . . Actions | -11 -10 -10 -9 -9 -9 -8 -8 -7 -7 -7 -6 -6 -6 -6 -5 -5 -5 -4 -4 -4 -4 -4 -3 -3 -2 -2 -2 --------- Run | Yrd Mat Min Mat Min Exi Min Mat Fac Was Fac Fac Was Fac DSF Fac Was Fac Fac Ext Cet Arc Hub Res Tes Res Qua Frg Total 19552 | 49 839 91 1566 58 215 344 1177 1435 254 957 531 374 27 385 194 156 1639 736 1221 538 155 585 1538 1515 1113 962 898 Wait 2161 | . 103 . 104 . . 5 164 107 26 21 106 . 5 44 1 . 216 111 146 93 22 72 109 101 228 213 164 Move 14535 | 34 630 80 1209 47 213 294 795 1193 206 840 315 348 22 252 173 144 1228 504 791 365 121 376 1310 1154 774 585 532 Hop . | . . . . . . . . . . . . . . . . . . . . . . . . . . . . Pick Up 226 | . 14 1 29 2 1 2 20 17 . 13 12 3 . 6 2 . 16 8 9 10 1 9 12 14 10 11 4 Fast Attach 107 | 2 3 . 7 . . . 7 3 1 1 1 3 . . 1 1 12 3 4 5 2 9 4 23 2 6 7 Attach 145 | . 4 1 5 . . 5 13 5 . 6 5 1 . 1 2 . 7 2 10 3 . 7 3 19 4 14 28 Detach 88 | 1 2 . 2 . . 1 2 2 . . . 2 . . . . 2 . 7 1 . 5 1 20 2 12 26 Swap 484 | 3 9 2 32 . . 6 17 30 4 24 26 5 . 19 10 2 47 38 44 10 1 9 30 37 19 32 28 Drop 276 | 3 8 . 37 . . 4 11 20 . 16 5 6 . 5 2 . 16 14 17 12 3 15 24 23 9 13 13 Fire 1276 | 6 66 7 141 9 1 27 148 45 17 32 44 5 . 41 . 9 78 52 85 27 5 75 41 102 65 68 80 Melee 54 | . . . . . . . . 5 . 4 15 . . . 3 . 9 4 . 4 . . 4 6 . . . Ram . | . . . . . . . . . . . . . . . . . . . . . . . . . . . . Kick . | . . . . . . . . . . . . . . . . . . . . . . . . . . . . Crush 2 | . . . . . . . . . . . 2 . . . . . . . . . . . . . . . . Escape Stasis 104 | . . . . . . . . 8 . . . . . 16 . . 8 . 24 . . 8 . 16 . 8 16 Rewire 70 | . . . . . . . . . . . . 1 . 1 . . . . 68 . . . . . . . . Trap . | . . . . . . . . . . . . . . . . . . . . . . . . . . . . Miscellaneous 24 | . . . . . . . . . . . . . . . . . . . 16 8 . . . . . . . Route ------- -11/Scrapyard -10/Materials (discovered 5 exits: *Mat x3 / [*Min] / [*Sub]) -10/Mines -9/Materials (discovered 5 exits: *Mat x3 / [*Min] / [*Sto]) -9/Mines (discovered 2 exits: *Mat / *Exi) -9/Exiles -8/Mines -8/Materials (discovered 2 exits: *Fac x2) -7/Factory -7/Waste -7/Factory (discovered 6 exits: *Fac x4 / Low x2) -6/Factory -6/Waste -6/Factory -6/DSF -5/Factory -5/Waste -5/Factory -4/Factory (discovered 5 exits: Upp x2 / *Ext x2 / Arm) -4/Extension (discovered 2 exits: *Res / *Cet) -4/Cetus (discovered 2 exits: *Res / [*Arc]) -4/Archives (discovered 2 exits: *Res / *Hub) -4/Hub_04(d) -3/Research (discovered 3 exits: *Res x2 / *Tes) -3/Testing -2/Research (discovered 2 exits: *Acc / *Qua) -2/Quarantine (discovered 3 exits: *Acc / *Sec / *Frg) -2/Protoforge History --------- Turn | Location | Event 13 | -11/Scrapyard | Discovered new exit (range 3) 82 | -11/Scrapyard | Entered Materials 158 | -10/Materials | Discovered new exit (range 16) 300 | -10/Materials | Build established: Mutant 362 | -10/Materials | Repaired Com. Wheel 478 | -10/Materials | Core integrity fell below 50% 510 | -10/Materials | Lost 3 parts (1p1n1w) 512 | -10/Materials | Discovered new exit (range 15) 696 | -10/Materials | Discovered new exit (range 11) 723 | -10/Materials | Discovered new exit (range 8) 916 | -10/Materials | Discovered new exit (range 7) 1096 | -10/Materials | Entered Mines 1170 | -10/Mines | Discovered new exit (range 4) 1213 | -10/Mines | Entered Materials 1213 | -9/Materials | Evolved 2 slots: Propulsion x1, Utility x1 1284 | -9/Materials | Discovered new exit (range 9) 1346 | -9/Materials | Discovered new exit (range 15) 1812 | -9/Materials | Build established: Scavenger-Mutant 1817 | -9/Materials | Central database locked down 1824 | -9/Materials | Discovered new exit (range 4) 2320 | -9/Materials | Discovered new exit (range 11) 2560 | -9/Materials | Core integrity fell below 50% 2658 | -9/Materials | Discovered new exit (range 16) 2833 | -9/Materials | Build established: Mutant 3190 | -9/Materials | Repaired Imp. Medium Laser 3327 | -9/Materials | Entered Mines 3327 | -9/Mines | Discovered new exit (range 8) 3412 | -9/Mines | Deemed a non-threat by the Exiles lab entrance 3413 | -9/Mines | Discovered new exit (range 5) 3420 | -9/Mines | Entered Exiles 3452 | -9/Exiles | Met 8R-AWN 3477 | -9/Exiles | Met EX-HEX 3519 | -9/Exiles | Met EX-BIN 3538 | -9/Exiles | Aligned with FarCom system 3539 | -9/Exiles | Given EX-Vault access code 3572 | -9/Exiles | Opened EX-Vault 3580 | -9/Exiles | Found Gui. Plasma Cannon 3609 | -9/Exiles | Warned to stay clear of 0b10 Research branches 3628 | -9/Exiles | Exiles lab attacked by MAIN.C 3658 | -9/Exiles | Learned location of Zion (-6) 3698 | -9/Exiles | Discovered new exit (range 10) 3710 | -9/Exiles | Attacked by the Exiles 3711 | -9/Exiles | Left Exiles lab with Gui. Plasma Cannon 3711 | -9/Exiles | Entered Mines 4108 | -8/Mines | Lost 3 parts (2n1u) 4199 | -8/Mines | Discovered new exit (range 7) 4206 | -8/Mines | Entered Materials 4206 | -8/Materials | Evolved 2 slots: Propulsion x1, Utility x1 4749 | -8/Materials | Discovered new exit (range 4) 4930 | -8/Materials | Repaired Autogun 4964 | -8/Materials | Repaired Autogun 4997 | -8/Materials | Repaired Imp. Treads 5199 | -8/Materials | Lost 3 parts (1n2w) 5243 | -8/Materials | Lost 3 parts (1p2n) 5351 | -8/Materials | Lost 3 parts (1n2w) 5682 | -8/Materials | Build established: Scavenger-Mutant 5746 | -8/Materials | Discovered new exit (range 4) 5752 | -8/Materials | Entered Factory 5752 | -7/Factory | Evolved 2 slots: Utility x1, Weapon x1 6541 | -7/Factory | Build established: Scavenger-Gunner 6585 | -7/Factory | Repaired Broken Enh. Autogun 7282 | -7/Factory | Fabricated Y-54 Guardian? 7340 | -7/Factory | Sucked down chute 7340 | -7/Factory | Entered Waste 7370 | -7/Waste | 2 allies followed down the chute 7395 | -7/Waste | Spotted C-40 Crusher 7402 | -7/Waste | Spotted C-40 Crusher 7403 | -7/Waste | Allies destroyed C-40 Crusher 7414 | -7/Waste | Destroyed C-40 Crusher 7416 | -7/Waste | Spotted C-40 Crusher 7431 | -7/Waste | Spotted C-40 Crusher 7463 | -7/Waste | Spotted C-40 Crusher 7465 | -7/Waste | Spotted C-40 Crusher 7556 | -7/Waste | Crushed by Compactor (1 part destroyed, 1 dropped) 7557 | -7/Waste | Crushed by Compactor (1 part destroyed, 1 dropped) 7630 | -7/Waste | Discovered new exit (range 12) 7645 | -7/Waste | Entered Factory 7955 | -7/Factory | Build established: Gunner 8542 | -7/Factory | Identified exit to Lower Caves 8603 | -7/Factory | Identified exit to Factory 8677 | -7/Factory | Cargo convoy interrupted 8716 | -7/Factory | Entered another Factory area 8716 | -6/Factory | Evolved 2 slots: Utility x2 9025 | -6/Factory | Spotted B-75 Beast 9235 | -6/Factory | Repaired Hrd. Medium Armor Plating 9416 | -6/Factory | Sucked down chute 9416 | -6/Factory | Entered Waste 9416 | -6/Waste | The area was eerily silent 9591 | -6/Waste | Discovered new exit (range 13) 9649 | -6/Waste | Build established: Scavenger-Gunner 9794 | -6/Waste | Identified exit to Factory 9813 | -6/Waste | Entered Factory 9841 | -6/Factory | Identified exit to DSF 9842 | -6/Factory | Entered DSF 9902 | -6/DSF | Additional patrols routed to DSF 10145 | -6/DSF | Build established: Scavenger-Tank 10177 | -6/DSF | Discovered new exit (range 14) 10248 | -6/DSF | Sterilization system engaged 10268 | -6/DSF | Ambient heat levels rising (+10) 10283 | -6/DSF | Ambient heat levels rising (+10) 10298 | -6/DSF | Ambient heat levels rising (+10) 10313 | -6/DSF | Ambient heat levels rising (+10) 10328 | -6/DSF | Ambient heat levels rising (+10) 10330 | -6/DSF | Identified exit to Factory 10331 | -6/DSF | Entered Factory 10331 | -5/Factory | Evolved 2 slots: Propulsion x1, Utility x1 10562 | -5/Factory | Sucked down chute 10562 | -5/Factory | Entered Waste 10563 | -5/Waste | Met a frightened Derelict 10577 | -5/Waste | EMP discharged 10587 | -5/Waste | Spotted C-40 Crusher 10593 | -5/Waste | Spotted C-40 Crusher 10607 | -5/Waste | Spotted C-40 Crusher 10622 | -5/Waste | Destroyed C-40 Crusher 10634 | -5/Waste | Spotted C-40 Crusher 10647 | -5/Waste | Crushed by Compactor (1 part destroyed) 10672 | -5/Waste | Spotted C-40 Crusher 10676 | -5/Waste | Spotted C-40 Crusher 10677 | -5/Waste | EMP discharged 10677 | -5/Waste | System corruption reached 10% 10732 | -5/Waste | Discovered new exit (range 13) 10746 | -5/Waste | Identified exit to Factory 10747 | -5/Waste | Entered Factory 10944 | -5/Factory | Watched by a mysterious "MATRIX" hacker. 10987 | -5/Factory | Repaired Broken Centrium Wheel 11016 | -5/Factory | Repaired Hvy. Treads 11574 | -5/Factory | Central database locked down 11784 | -5/Factory | Repaired Hvy. Treads 12407 | -5/Factory | Build established: Tank 12547 | -5/Factory | First assault squad dispatched 12568 | -5/Factory | Discovered new exit (range 7) 12582 | -5/Factory | Identified exit to Factory 12608 | -5/Factory | Entered another Factory area 12608 | -4/Factory | Evolved 2 slots: Utility x2 12683 | -4/Factory | Fabricated Hvy. Reactive Plating (x1) 12910 | -4/Factory | Identified exit to Upper Caves 12910 | -4/Factory | Identified exit to Extension 12910 | -4/Factory | Identified exit to Armory 13297 | -4/Factory | Fabricated Hrd. Heavy Armor Plating (x1) 13464 | -4/Factory | Entered Extension 13506 | -4/Extension | Rescued a captive Derelict 13714 | -4/Extension | First assault squad dispatched 13776 | -4/Extension | Rescued a captive Derelict 13903 | -4/Extension | Build established: Gunner 14246 | -4/Extension | Build established: Scavenger-Gunner 14292 | -4/Extension | Spotted B-86 Titan 14339 | -4/Extension | Destroyed B-86 Titan 14345 | -4/Extension | Lost 4 allies 14360 | -4/Extension | Spotted B-86 Titan 14383 | -4/Extension | Destroyed B-86 Titan 14408 | -4/Extension | Lost 3 parts (1n1u1w) 14528 | -4/Extension | Rescued a captive Derelict 14529 | -4/Extension | Rescued a captive Derelict 14636 | -4/Extension | Rescued A7 14730 | -4/Extension | Rescued a captive Derelict 14942 | -4/Extension | Discovered new exit (range 10) 14943 | -4/Extension | Discovered new exit (range 6) 14993 | -4/Extension | Entered Cetus 14993 | -4/Cetus | Accompanied by 11 allies (A7) 14998 | -4/Cetus | Acquired a Cetus Manufacturing Module code from A7 15010 | -4/Cetus | Spotted Cetus Guard 15010 | -4/Cetus | Spotted Cetus Guard 15013 | -4/Cetus | Spotted Cetus Guard 15018 | -4/Cetus | Destroyed Cetus Guard 15027 | -4/Cetus | Destroyed Cetus Guard 15030 | -4/Cetus | Allies destroyed Cetus Guard 15030 | -4/Cetus | Spotted Cetus Guard 15124 | -4/Cetus | Started Cetus Manufacturing Module 15149 | -4/Cetus | Manufactured an Enhanced Grunt 15174 | -4/Cetus | Manufactured an Enhanced Grunt 15199 | -4/Cetus | Manufactured an Enhanced Grunt 15224 | -4/Cetus | Manufactured an Enhanced Grunt 15224 | -4/Cetus | Murdered A7 15225 | -4/Cetus | Extracted ID and sensor layout for unrecognized location from A7's data core 15249 | -4/Cetus | Manufactured an Enhanced Grunt 15267 | -4/Cetus | Discovered new exit (range 16) 15290 | -4/Cetus | Spotted Cetus Guard 15290 | -4/Cetus | Spotted Cetus Guard 15293 | -4/Cetus | Spotted Cetus Guard 15298 | -4/Cetus | Destroyed Cetus Guard 15300 | -4/Cetus | Spotted Cetus Guard 15305 | -4/Cetus | Destroyed Cetus Guard 15308 | -4/Cetus | Destroyed Cetus Guard 15313 | -4/Cetus | Allies destroyed Cetus Guard 15334 | -4/Cetus | Discovered new exit (range 16) 15341 | -4/Cetus | Lost 3 allies 15345 | -4/Cetus | Met Revision 17 15409 | -4/Cetus | Found Prototype Device 15409 | -4/Cetus | Identified Exp. Thermal Shield 15572 | -4/Cetus | Found a strange terminal 15743 | -4/Cetus | Security sweep announced 15803 | -4/Cetus | Entered Archives 15803 | -4/Archives | Accompanied by 9 allies 15875 | -4/Archives | Lost 3 allies 15887 | -4/Archives | Discovered new exit (range 16) 15953 | -4/Archives | Discovered new exit (range 15) 16047 | -4/Archives | Entered Hub_04(d) 16047 | -4/Hub_04(d) | Accompanied by 6 allies 16185 | -4/Hub_04(d) | Garrison activated, responded to threat 16200 | -4/Hub_04(d) | Garrison activated, responded to threat 16275 | -4/Hub_04(d) | Lost 5 allies 16296 | -4/Hub_04(d) | Destroyed 7 combat bots 16297 | -4/Hub_04(d) | First assault squad dispatched 16649 | -4/Hub_04(d) | Spotted B-86 Titan 16674 | -4/Hub_04(d) | Destroyed B-86 Titan 16788 | -4/Hub_04(d) | Discovered new exit (range 16) 16981 | -4/Hub_04(d) | Network Hub disabled 16983 | -4/Hub_04(d) | Spotted Lightning 16983 | -4/Hub_04(d) | Entered Research 16983 | -3/Research | Evolved 2 slots: Power x1, Propulsion x1 17183 | -3/Research | Revision forces began assault on 0b10 17260 | -3/Research | Met up with Revision 17++ 17292 | -3/Research | Discovered new exit (range 16) 17683 | -3/Research | Research terminal network offline 17739 | -3/Research | Found Prototype Protection 17739 | -3/Research | Identified Centrium Heavy Armor Plating 17973 | -3/Research | Fabricated Hvy. Reactive Plating (x1) 18139 | -3/Research | Spotted Striker 18244 | -3/Research | Spotted Executioner 18244 | -3/Research | Spotted Striker 18416 | -3/Research | Discovered new exit (range 8) 18541 | -3/Research | Spotted Striker 18609 | -3/Research | Lost 4 allies 18631 | -3/Research | Found Fusion Bomb Launcher 18671 | -3/Research | Discovered new exit (range 4) 18674 | -3/Research | Found Prototype Launcher 18674 | -3/Research | Identified Adv. Micro-nuke Launcher 18687 | -3/Research | Spotted Striker 18699 | -3/Research | Entered Testing 18837 | -3/Testing | Found Prototype Energy Cannon 18837 | -3/Testing | Identified Hpw. Disruptor Cannon 19013 | -3/Testing | Found Centrium Heavy Armor Plating 19017 | -3/Testing | Found Centrium Heavy Armor Plating 19067 | -3/Testing | Scanned by Researcher 19100 | -3/Testing | Found Prototype Protection 19100 | -3/Testing | Identified Hvy. Regenerative Plating 19103 | -3/Testing | Found Prototype Protection 19123 | -3/Testing | Spotted Striker 19131 | -3/Testing | Spotted Striker 19167 | -3/Testing | Found Prototype Launcher 19167 | -3/Testing | Identified Tactical Quantum Warhead 19172 | -3/Testing | Found Prototype Processor 19175 | -3/Testing | Identified Exp. Signal Interpreter 19213 | -3/Testing | Found Prototype Protection 19213 | -3/Testing | Identified Med. Regenerative Plating 19322 | -3/Testing | Lost 4 parts (1p1n1u1w) 19347 | -3/Testing | Found Med. Regenerative Plating 19376 | -3/Testing | System corruption reached 10% 19554 | -3/Testing | Found Prototype Energy Gun 19554 | -3/Testing | Identified Warp Gun 19685 | -3/Testing | Lost 4 parts (2p1u1w) 19707 | -3/Testing | Build established: Hacker-Gunner 19974 | -3/Testing | Found Prototype Energy Gun 19974 | -3/Testing | Identified Tachyon Dispersion Ray 20068 | -3/Testing | Found Prototype Energy Cannon 20068 | -3/Testing | Identified Null Cannon 20158 | -3/Testing | Found Prototype Energy Cannon 20158 | -3/Testing | Identified Potential Cannon 20167 | -3/Testing | Found Prototype Energy Cannon 20167 | -3/Testing | Identified Imp. Potential Cannon 20265 | -3/Testing | Identified SHELL Armor 20282 | -3/Testing | System corruption reached 30% 20296 | -3/Testing | Lost 3 parts (1p2u) 20360 | -3/Testing | Spotted Superbehemoth 20488 | -3/Testing | Found Prototype Device 20488 | -3/Testing | Identified 2N-1CE's Frost Array 20586 | -3/Testing | Discovered new exit (range 13) 20629 | -3/Testing | Identified exit to Research 20630 | -3/Testing | Entered Research 20630 | -2/Research | Evolved 2 slots: Utility x2 20675 | -2/Research | Discovered new exit (range 2) 20676 | -2/Research | Identified exit to Access 21439 | -2/Research | Repaired Broken Hds. Centrium Wheel 22002 | -2/Research | Discovered new exit (range 5) 22005 | -2/Research | Identified exit to Quarantine 22007 | -2/Research | Entered Quarantine 22134 | -2/Quarantine | Found Alien Artifact 22187 | -2/Quarantine | Targeted by mysterious "MATRIX" hacker. 22268 | -2/Quarantine | Found Alien Artifact 22540 | -2/Quarantine | Identified Hpw. Transdimensional Reconstructor 22540 | -2/Quarantine | Warped through subspace 22553 | -2/Quarantine | Destroyed 7 combat bots 22597 | -2/Quarantine | Found Alien Slashing Weapon 22757 | -2/Quarantine | First assault squad dispatched 22807 | -2/Quarantine | Destroyed 9 combat bots 22834 | -2/Quarantine | Spotted Alpha 7 22840 | -2/Quarantine | Destroyed Alpha 7 22888 | -2/Quarantine | Found Alien Launcher 23185 | -2/Quarantine | Spotted Fortress 23269 | -2/Quarantine | Discovered new exit (range 6) 23269 | -2/Quarantine | Discovered new exit (range 6) 23274 | -2/Quarantine | Identified exit to Section 7 23282 | -2/Quarantine | Identified exit to Protoforge 23283 | -2/Quarantine | Entered Protoforge 23314 | -2/Protoforge | Identified Sigix Terminator 23315 | -2/Protoforge | Identified Sigix Broadsword 23413 | -2/Protoforge | Spotted Hotshot 23413 | -2/Protoforge | Spotted Hotshot 23413 | -2/Protoforge | Spotted Hotshot 23413 | -2/Protoforge | Spotted Hotshot 23413 | -2/Protoforge | Spotted Hotshot 23447 | -2/Protoforge | Destroyed Hotshot 23469 | -2/Protoforge | Destroyed Hotshot 23472 | -2/Protoforge | Destroyed Hotshot 23500 | -2/Protoforge | Destroyed Hotshot 23786 | -2/Protoforge | Build established: Gunner 23836 | -2/Protoforge | Superfortress began startup sequence 24033 | -2/Protoforge | First assault squad dispatched 24096 | -2/Protoforge | Found Prototype Device 24096 | -2/Protoforge | Identified Cep. Recoil Nullifier 24129 | -2/Protoforge | Found Prototype Device 24129 | -2/Protoforge | Identified Exp. System Purifier 24372 | -2/Protoforge | System corruption reached 10% 24464 | -2/Protoforge | Spotted Hotshot 24464 | -2/Protoforge | Spotted AP7-3 24464 | -2/Protoforge | Spotted Hotshot 24478 | -2/Protoforge | Identified Subatomic Replicator 24478 | -2/Protoforge | Used Subatomic Replicator to create Alien Launcher 24481 | -2/Protoforge | Identified Supercharged Sigix Terminator 24484 | -2/Protoforge | Spotted AP7-3 24491 | -2/Protoforge | Spotted Hotshot 24493 | -2/Protoforge | Spotted Hotshot 24493 | -2/Protoforge | Spotted Hotshot 24498 | -2/Protoforge | Fired Supercharged Sigix Terminator 24498 | -2/Protoforge | Destroyed AP7-3 24498 | -2/Protoforge | Destroyed AP7-3 24498 | -2/Protoforge | Destroyed Hotshot 24498 | -2/Protoforge | Destroyed Hotshot 24498 | -2/Protoforge | Destroyed Hotshot 24498 | -2/Protoforge | Destroyed Hotshot 24498 | -2/Protoforge | Destroyed Hotshot 24498 | -2/Protoforge | Additional patrols dispatched to research labs 24498 | -2/Protoforge | Destroyed Hotshot 24498 | -2/Protoforge | Destroyed Hotshot 24498 | -2/Protoforge | Destroyed Hotshot 24499 | -2/Protoforge | Core integrity fell below 50% 24501 | -2/Protoforge | Core integrity fell below 20% 24512 | -2/Protoforge | Destroyed by Superfortress with Cooled Nova Cannon Last Messages --------------- 24498_ Machine disabled. 24498_ ALERT: Research labs perimeter wall breached, dispatching additonal patrols. 24500_ Dropped Hvy. Reactive Plating. 24500_ Lgt. Antimatter Cannon destroyed. 24500_ Knocked back. 24500_ Dropped Hcp. Storage Unit. 24501_ Acquired 15 matter. 24509_ Knocked back. 24511_ Superfortress breaks down Enh. Hardcell Cannon. 24511_ Superfortress breaks down Prototype Ballistic Cannon. 24511_ Superfortress assembles Prototype Energy Cannon. 24511_ Superfortress assembles Prototype Ballistic Cannon. 24511_ Superfortress assembles Prototype Energy Cannon. [Achievement: Torch] Map ----- +----------------------------------------------------+ | ?????????????????????????????????????????????????? | | ?????????????????????????????????????????????????? | | ?????????????????????????????????????????????????? | | ?????????????????????????????????????????????????? | | ?????????????????????????????????????????????????? | | ?????????????????????????????????????????????????? | | ?????????????????????????????????????????????????? | | ?????????????????????? #######???????????????????? | | ?????????????????????? ????????????????? | | ?????????????????????? ??????????????? | | ?????????????????????? ???????????? | | ????????????????????###;;;; ;;;;?????????? | | ?????????????????#### ; ; ?????????? | | ???????????????### ; ; ????????? | | ?????????????###;;;;;;;;;;; ;;;;;????????? | | ??????????#### ; ; ????????? | | ?????????##;;;;;;;;;;;;;;;;; ;;;;;;;???????? | | ????????? ; ; ???????? | | ???????? ;;;;;;;;; ;;;;;;;;??????? | | ???????? ; ??????? | | ???????? ; "?????? | | ?###### ;;;;;; ; ;?????? | | ?#""""# ; ; ; ; ????? | | ##====;;;;; ;;;;; $$ ;;????? | | $$$ ????? | | @ ???? | | FFF ???? | | FFF ??? | | FFF ??? | | ??? | | "# !!!"";;; ;;;;; """""?? | | ?#""""" ; ; ; " "?? | | ?#####" ;;;;;; ; " ""? | | ?????? ; " ? | | ?????? ;;;;;;;;;;;;;;;;;;;;;;;"" ? | | ??????? ? | | ??????? ? | | ??????## | | ?????## "";;;;;;;;; | | ?????# " ; | | ????### #" ; | | #########" ; """"""""""" | | ^^ % # ; ;;;; " " " | | ^^ + " ; " " | | %% " " "";;;;;" " | | ##"" " " " | | % " """""""""" ![ " | | % "# """""""" " [ ![ " | | " % "## """""" !]! " | | " % ### " = " | +----------------------------------------------------+ Best States ------------- Heat Dissipation 149 Energy Generation 45 Energy Capacity 1200 Matter Stores 300 Matter Capacity 300 Sight Range 20 Robot Scan Range 18 Terrain Scan Density 10 Jamming Range 16 Additional Mass Support 16 Armor Coverage 3000 Resistance: KI 40 Resistance: TH 30 Weapon Shielding 90 Evasion (%) 50 Targeting Accuracy 8 Core Analysis 9 Armor Integrity Analysis 30 Recoil Reduction 101 Salvage Targeting 3 Offensive Hacking 28 Defensive Hacking 14 Item Schematics ----------------- Imp. Terrain Scanner | -9/Materials | Scanalyzed Hacking Suite | -9/Materials | Scanalyzed Hrd. Heavy Armor Plating | -7/Factory | Scanalyzed Hvy. Reactive Plating | -5/Factory | Hacked Cmb. Linear Gravjet | -4/Extension | Hacked Hvy. Siege Treads | -3/Research | Scanalyzed Centrium Heavy Armor Plating | -3/Research | Scanalyzed Enh. Force Rifle | -3/Testing | Archive Cld. Field Propulsion Drive | -3/Testing | Archive Com. Mass Driver | -3/Testing | Archive Diametric Drive | -3/Testing | Archive Exp. Matter Compressor | -3/Testing | Archive Cld. Antigrav System | -3/Testing | Archive Hds. Centrium Heavy Treads | -2/Quarantine | Scanalyzed Robot Schematics ------------------ C-55 Analyst | -3/Testing | Archive L-61 Swordsman | -3/Testing | Archive Fabricated ------------ Y-54 Guardian | x2 | -7/Factory | Preloaded Hvy. Reactive Plating | x1 | -4/Factory Hrd. Heavy Armor Plating | x1 | -4/Factory Hvy. Reactive Plating | x1 | -3/Research Repaired ---------- Com. Wheel | 66% | -10/Materials Imp. Medium Laser | 28% | -9/Materials Autogun | 1% | -8/Materials Autogun | 14% | -8/Materials Imp. Treads | 60% | -8/Materials Enh. Autogun | 73% | -7/Factory | Broken Hrd. Medium Armor Plating | 20% | -6/Factory Centrium Wheel | 54% | -5/Factory | Broken Hvy. Treads | 39% | -5/Factory Hvy. Treads | 37% | -5/Factory Hds. Centrium Wheel | 17% | -2/Research | Broken Studied --------- Com. Wheel | -9/Materials | Hacked Lgt. Assault Rifle | -9/Materials | Hacked Arm. Wheel | -7/Factory | Hacked Hvy. Rocket Launcher | -7/Factory | Hacked Centrium Wheel | -4/Factory | Hacked Dispersion Rifle | -2/Protoforge | Hacked Alien Tech Used ----------------- High-powered Transdimensional Reconstructor Sigix Terminator Sigix Broadsword Subatomic Replicator Supercharged Sigix Terminator Achievements -------------- I'm Taking You All With Me Preemptive Strike Torch Challenges ------------ None Game ------ Seed RingMachineReactor Manual? 0 Play Time 06:25:36 Cumulative 221.6 hours Start 2026.04.24 @ 12:39:22 End 2026.04.25 @ 00:16:54 Sessions 3 Manual Loads 0 Difficulty Rogue Special Mode None Game No. 126 Rogue 126 Adventurer 0 Explorer 0 Win Type - Total 8 Types 4/0/2/1/0/0/0/1/0/0 Lore% 66 Gallery% 60 Achievement% 54 Wizard Run 0 Options --------- Layout 2 ASCII 0 Keyboard 1 Movement Arrows Keybinds 0 Fullscreen 2 Font 24/Terminus Map View 50x44 Zoom Use 0% Tactical HUD 1 Map Filters NONE Filters NONE Steam 1 RUN: f5e5658f-2fdf-4ff0-a75c-fcac925ca80b